[Event "*** Titled Tuesday Blitz"]
[Site "Chess.com"]
[Date "2020.04.07"]
[Round "2"]
[White "SahaNeelash"]
[Black "tomsishere"]
[Result "1-0"]
[WhiteElo "2490"]
[BlackElo "2235"]
[TimeControl "180+1"]
[EndTime "13:20:38 PDT"]
[Termination "SahaNeelash won on time"]

1. d4 Nf6 2. Bg5 Ne4 3. Bf4 c5 4. f3 Qa5+ 5. c3 Nf6 6. d5 e6 7.
e4 exd5 8. exd5 d6 9. Qd2 Be7 10.
c4 Qxd2+ 11. Kxd2 b5 12. Nc3 bxc4 13. Bxc4 Nbd7 14. Nb5 Rb8 15. Re1 Kd8 16. Rxe7 Rxb5 17.
Rxd7+ Bxd7 18. Bxb5 Bxb5 19. Bxd6 Nxd5 20. Bxc5 Bf1 21.
h4 Bxg2 22. Rh2 Bf1 23. Bxa7 Kc7 24. Ke1 Bb5 25. Rd2 Nb4 26. a3 Nd3+ 27. Kd1 Re8 28. Kc2 Ne5 29. Bd4 Nc6 30. Bxg7 Rg8 31. Rg2 Kb7 32. Rg5 Bc4 33. Bc3 Re8 34. b3 Be6 35. a4 h6 36. Rc5 Kb6 37. b4 Rg8 38. a5+ Kb7 39. Ne2 Rg2 40. Kd2 Ne7 41. Rb5+ Kc6 42. Rb6+ Kc7 43. Be5+ Kd7 44. Rb7+ Ke8 45. a6 Nc6 46.
Bf6 Bc4 47. a7 Rxe2+ 48. Kc3 Nxa7 49. Kxc4 Nc8 50. Kd3 Re6 51. Bd4 Nd6 52. Rb8+ Kd7 53. b5 Re8 54. Rxe8 Kxe8 55. b6 Kd7 56. Be3 h5 57.
Bf2 Kc6 58. Ke2 f6 59. Kd3 Kd5 60. Ke2 Nb7 61. Bg3 Ke6 62. Bc7 Kf5 63. Ke3 1-0

[Event "*** Titled Tuesday Blitz"]
[Site "Chess.com"]
[Date "2020.04.07"]
[Round "2"]
[White "Tjktiger"]
[Black "eldur16"]
[Result "1-0"]
[WhiteElo "2850"]
[BlackElo "2554"]
[TimeControl "180+1"]
[EndTime "13:20:39 PDT"]
[Termination "Tjktiger won by resignation"]

1. c4 g6 2. Nc3 Bg7 3. d4 d6 4. Nf3 Nf6 5. g3 O-O 6. Bg2 Nbd7 7. O-O e5 8. e4 c6 9. h3 exd4 10. Nxd4 Re8 11. Re1 Nc5 12. Bf4 Nh5 13. Be3 a5 14.
Qc2 Qc7 15. Rad1 Ne6 16. Qd2 Nxd4 17. Bxd4 Be5 18. Kh2 Be6 19. f4 Bxd4 20. Qxd4 Rad8 21. b3 Qe7 22. Nd5 Bxd5 23. cxd5 c5 24. Qc3 b6 25. e5 dxe5 26. fxe5 Qg5 27. h4 Qg4 28. Bh3 Qb4 29. Qxb4 axb4 30. d6 Ng7 31. d7 Re7 32.
Rd6 Ne6 33. Bxe6 Rxe6 34. Rxe6 fxe6 35. Rd1 Kf7 36. Rd6 Ke7 37. Rxb6 Rxd7 38. Kh3 Ra7 39. Rb5 Kd7 40. Rxc5 Rxa2 41. Rc4 Re2 42. Rxb4 Kc6 43. Rc4+ Kb6 44. Rd4 Rxe5 45. Rd7 h5 46.
Rg7 Kc5 47. Rxg6 Kb4 48. Rg5 Rd5 49. Rg6 e5 50. Rg5 Kxb3 51. Rxh5 Kc4 52. Kg4 Kd4 53. Rh8 e4 54. Kf4 Kd3 55. Re8 Rd7 56. h5 Rf7+ 57. Kg5 e3 58. Kg6 Rd7 59. h6 e2 60. h7 Rd6+ 61.
Kg7 Rd7+ 62. Kg8 1-0

[Event "*** Titled Tuesday Blitz"]
[Site "Chess.com"]
[Date "2020.04.07"]
[Round "2"]
[White "Mikromurks"]
[Black "Ali_rastbod"]
[Result "0-1"]
[WhiteElo "2326"]
[BlackElo "2628"]
[TimeControl "180+1"]
[EndTime "13:20:40 PDT"]
[Termination "Ali_rastbod won by resignation"]

1. d4 g6 2. Nc3 d5 3. e4 dxe4 4. Nxe4 Bg7 5. Nf3 Nf6 6. Nxf6+ exf6 7. Be2 O-O 8. O-O f5 9. Bf4 c6 10. Qd2 Re8 11. Rfe1 Be6 12. c4 Na6 13. Rad1 Nc7 14. Bh6 Bf6 15. Ng5 Qd7 16. Nxe6 Nxe6 17. d5 Nd4 18.
Be3 c5 19. Bxd4 Bxd4 20. Bf3 a6 21. b3 b5 22. Rxe8+ Rxe8 23. Re1 Rb8 24. Be2 b4 25.
Qf4 Re8 26. Kf1 Be5 27. Qh4 Bc3 28. Rd1 Qd6 29. Qg3 f4 30. Qd3 a5 31. g3 fxg3 32.
hxg3 a4 33. Kg2 axb3 34. axb3 f5 35. Bf3 Kg7 36. Rc1 Bd4 37. Rc2 f4 38. Re2 Rxe2 39. Qxe2 fxg3 40. fxg3 Be5 41. Qf2 h5 42. Qe1 Qf6 43.
Qe4 Qg5 44. g4 Qd2+ 45. Be2 Qg5 46. Bf3 h4 47. Be2 Kh6 48. Bf3 Qd2+ 49. Be2 Bf4 50.
Qe7 h3+ 51. Kxh3 Qc3+ 52. Kg2 Qg3+ 53. Kf1 Qh3+ 54. Kf2 Bg3+ 55. Ke3 Bd6+ 56. Bf3 Bxe7 0-1

[Event "*** Titled Tuesday Blitz"]
[Site "Chess.com"]
[Date "2020.04.07"]
[Round "2"]
[White "stefan_95"]
[Black "Pawnpusherschessaccademy"]
[Result "1/2-1/2"]
[WhiteElo "2627"]
[BlackElo "2340"]
[TimeControl "180+1"]
[EndTime "13:20:41 PDT"]
[Termination "Game drawn by repetition"]

1. d4 Nf6 2. Nf3 d5 3. Bf4 c5 4. e3 Nc6 5. Nbd2 Qb6 6. dxc5 Qxc5 7. a3 Bg4 8. Rc1 e5 9. Bg5 e4 10. h3 Bh5 11. g4 Nxg4 12. hxg4 Bxg4 13. b4 Qc3 14. Be2 exf3 15. Bxf3 Be6 16. O-O Qxa3 17.
b5 Ne5 18. Nb3 Be7 19. Bf4 Nxf3+ 20. Qxf3 O-O 21. Nd4 Bf6 22. c3 Qe7 23. Kg2 a5 24. Rh1 a4 25. Qh5 h6 26. Rcg1 Bg5 27. Kf1 Bxf4 28. exf4 Qf6 29. f5 Bd7 30. Qxh6 Qxh6 31. Rxh6 f6 32. Rhg6 Rf7 33. Ke2 a3 34. Ra1 a2 35. Kd2 Ra5 36. Rgg1 Bxb5 37. Nxb5 Rxb5 38.
Rxa2 Re7 39. Ra8+ Kf7 40. Rd8 Rb2+ 41. Kd3 Rxf2 42. Rxd5 Rc7 43. Rg3 Rf4 44. Kc2 Rfc4 45. Kb3 R4c5 46. Rxc5 Rxc5 47. Rf3 g5 48. Kb4 Re5 49. c4 g4 50. Rg3 Rxf5 51. Rxg4 Rg5 52. Rf4 Ke6 53. c5 Rg7 54. Kc4 f5 55. Rf1 Ke5 56.
Re1+ Kf6 57. Kd5 Rd7+ 58. Kc4 f4 59. Rb1 Kf5 60. Rb6 f3 61. Rd6 f2 62. Rxd7 f1=Q+ 63.
Kb4 Qa6 64. Rd6 Qa7 65. Rb6 Ke5 66. Kb5 Kd5 67. Rd6+ Ke5 68. Rb6 Kd4 69. Rd6+ Kc3 70.
Rh6 Kb3 71. Rh3+ Kc2 72. Rh6 Kd3 73. Rh3+ Ke4 74. Rh6 Ke5 75. Rb6 1/2-1/2

[Event "*** Titled Tuesday Blitz"]
[Site "Chess.com"]
[Date "2020.04.07"]
[Round "2"]
[White "FelixBlohberger"]
[Black "wonderfultime"]
[Result "0-1"]
[WhiteElo "2602"]
[BlackElo "2973"]
[TimeControl "180+1"]
[EndTime "13:20:43 PDT"]
[Termination "wonderfultime won by resignation"]

1. e4 c5 2. Nf3 Nf6 3. Nc3 d5 4. exd5 Nxd5 5. Bb5+ Bd7 6. a4 Nf6 7. d3 Nc6 8. O-O e6 9. Re1 Be7 10. Bxc6 Bxc6 11. Ne5 Rc8 12. Bg5 O-O 13. Nxc6 Rxc6 14. Qf3 h6 15. Bh4 Nd5 16. Bxe7 Nxe7 17. Re4 Nf5 18.
Rae1 Nd4 19. Qd1 Qf6 20. h3 Rd8 21. Qc1 Rb6 22. Rf4 Qg5 23. Ne4 Qe7 24. b3 e5 25.
Nd2 Rg6 26. Nf3 Nc6 27. Rfe4 Re6 28. Qd2 f5 29. R4e2 e4 30. Qc3 Kh8 31. dxe4 fxe4 32.
Re3 Nd4 33. Nd2 Rg6 34. Kh1 Qg5 35. Rg3 Qf5 36. Rxg6 Qxg6 37. Nxe4 b6 38. f3 Nf5 39. Qc4 Re8 40. Rd1 Ne3 41. Qe2 Nxd1 42. Qxd1 Qe6 43. Qe2 Qe5 44. Qd2 Qa1+ 45. Kh2 Qe5+ 46. Kh1 Qd4 47. Qe2 Rd8 48. Kh2 Qe5+ 49. Kg1 a5 50. Kf2 Qd4+ 51. Kf1 c4 52. Qxc4 Qxc4+ 53. bxc4 Rc8 54.
Nd6 Rc6 55. Nb5 Rxc4 56. Ke2 Rxa4 57. Kd3 Rb4 58. Nd4 a4 59. c3 Rb2 0-1

[Event "*** Titled Tuesday Blitz"]
[Site "Chess.com"]
[Date "2020.04.07"]
[Round "2"]
[White "kagg1125"]
[Black "Nathan_Filgueiras"]
[Result "0-1"]
[WhiteElo "2523"]
[BlackElo "2314"]
[TimeControl "180+1"]
[EndTime "13:20:43 PDT"]
[Termination "Nathan_Filgueiras won by resignation"]

1. e4 c5 2. Nf3 Nc6 3. Bb5 e5 4. O-O Bd6 5. c3 a6 6. Bc4 b5 7. Bb3 Bb7 8. d4 exd4 9. cxd4 c4 10. e5 Bc7 11. Bc2 Nb4 12. Bf5 Ne7 13. Bh3 O-O 14.
Nc3 Bb6 15. a3 Nd3 16. Qe2 Nd5 17.
Bf5 Nxc1 18. Raxc1 g6 19. Be4 Nxc3 20. bxc3 Bxe4 21.
Qxe4 d5 22. Qe3 Qd7 23. Rfe1 Rae8 24. Qh6 Bd8 25. h4 f6 26. h5 Qg7 27. Qxg7+ Kxg7 28. hxg6 hxg6 29. a4 Bc7 30. axb5 axb5 31. exf6+ Kxf6 32. Rb1 Rxe1+ 33. Nxe1 Rb8 34. Nc2 Bd6 35. g3 Ke6 36.
Kf1 Kd7 37. Ne3 Kc6 38. Ke2 b4 39. cxb4 Rxb4 40. Rc1 Rb2+ 41. Kf3 Be7 42. Nd1 Rb3+ 43.
Ke2 Bf6 44. Ne3 Bxd4 45. Nc2 Bc5 46. Ra1 Rb2 47. Kd2 d4 48. Kc1 Rb3 49. Ra8 d3 50.
Na1 Rb7 51. Kd2 Bxf2 52. Rc8+ Rc7 53. Rf8 Bd4 54. Ra8 Bxa1 55. Rxa1 Kd5 56. Kc3 Rc5 57. Re1 Rb5 58. Re8 Rb3+ 59. Kd2 Rb2+ 60. Kc3 Rc2+ 61. Kb4 Kd6 62. Rd8+ Ke5 63. Ka3 Kf5 64. Kb4 Kg4 65. Rg8 g5 66. Rg7 d2 67. Rd7 Kxg3 68. Rd4 g4 69.
Kc5 c3 70. Kc4 Rc1 71. Rd3+ Kf2 72. Kd4 d1=Q 0-1

[Event "*** Titled Tuesday Blitz"]
[Site "Chess.com"]
[Date "2020.04.07"]
[Round "2"]
[White "SPEEDSKATER"]
[Black "StoreySniper"]
[Result "1-0"]
[WhiteElo "2788"]
[BlackElo "2524"]
[TimeControl "180+1"]
[EndTime "13:20:46 PDT"]
[Termination "SPEEDSKATER won by resignation"]

1. d4 g6 2. c4 Bg7 3. Nf3 c5 4. d5 d6 5. e4 Nf6 6. Nc3 Na6 7. h3 Nc7 8. Bd3 a6 9. a4 Rb8 10. O-O O-O 11. Bf4 Nd7 12. Re1 f6 13. Qd2 Ne5 14. Be2 Bd7 15. a5 b5 16. axb6 Rxb6 17. Nxe5 fxe5 18. Be3 Qb8 19. Ra2 Qb7 20. Rea1 e6 21. dxe6 Bxe6 22. Nd5 Bxd5 23. cxd5 Rb8 24. b4 Rxb4 25.
Bxa6 Nxa6 26. Rxa6 Rb1+ 27. Rxb1 Qxb1+ 28. Kh2 Qxe4 29. Rxd6 Qf5 30. Qa5 e4 31. Rd8+ Rxd8 32. Qxd8+ Bf8 33. g4 Qe5+ 34. Kg2 Qd6 35. Qa8 Kf7 36.
Qb7+ Kf6 37. Qb2+ Kf7 38. Qb3 Be7 39. Qc4 Ke8 40. Qxe4 Kd7 41. Qa4+ Kd8 42. Qe4 Kd7 43. f4 Qa6 44. f5 Qe2+ 45. Kg3 Bd6+ 46. Kh4 Be7+ 47.
g5 Bxg5+ 48. Kxg5 Qh5+ 49. Kf6 Qxf5+ 50. Qxf5+ gxf5 51. Kxf5 Kd6 52. Kf6 Kxd5 53. Kg7 c4 54. Kxh7 Ke4 55. Bg5 Kf5 56. h4 c3 57. Kh6 c2 58. h5 Ke6 59. Bc1 Kf7 60. Kh7 Kf8 61.
Kg6 Kg8 62. h6 Kh8 63. Bb2+ Kg8 64. h7+ 1-0

[Event "*** Titled Tuesday Blitz"]
[Site "Chess.com"]
[Date "2020.04.07"]
[Round "2"]
[White "Jadeit90"]
[Black "DerSchachaffe"]
[Result "0-1"]
[WhiteElo "2234"]
[BlackElo "2474"]
[TimeControl "180+1"]
[EndTime "13:20:46 PDT"]
[Termination "DerSchachaffe won by resignation"]

1. g3 d5 2. Bg2 Nf6 3. c4 dxc4 4. Qa4+ Nfd7 5. Qxc4 g6 6. Nf3 Bg7 7. h4 Nb6 8. Qc2 h6 9. d3 Nc6 10. Nc3 Bg4 11. Be3 O-O 12. Qd2 h5 13. O-O Rb8 14.
Rac1 e5 15. Rfd1 Nd4 16. Bxd4 exd4 17. Ne4 Nd5 18. Qa5 b6 19. Qd2 c5 20. Neg5 Qd6 21.
a3 Rfe8 22. Re1 Re7 23. Rb1 Rbe8 24. Kf1 a5 25. Ne4 Qd7 26. Qc2 Kh7 27. Neg5+ Kg8 28. Ne4 Bh6 29. Neg5 f6 30. Ne4 Kg7 31. Nh2 Bf5 32. Qc4 Be6 33. Qc2 a4 34. Ra1 Qc7 35.
Nf3 f5 36. Neg5 Bg8 37. Qd2 f4 38. gxf4 Nxf4 39. e4 dxe3 40. fxe3 Nxg2 41. Kxg2 Bd5 42. e4 Be6 43. Qf2 Rf8 44. Qg3 Qxg3+ 45. Kxg3 Bb3 46. Rf1 Rd8 47. Ne1 Kg8 48. Rf3 Bg7 49. Rb1 Rd6 50.
Nh3 Rf6 51. Rxf6 Bxf6 52. Nf4 Kg7 53. Nd5 Be5+ 54. Kf3 Rf7+ 55. Ke2 Bxd5 56. exd5 Rd7 57. Nf3 Bf6 58. Kd2 Rxd5 59. Kc2 Rf5 60. Rf1 Kf7 61. Kd2 Ke6 62. Kc2 Kd6 63. Nd2 Rxf1 64. Nxf1 Bxh4 65. Ne3 Bf6 66. Ng2 g5 0-1

[Event "*** Titled Tuesday Blitz"]
[Site "Chess.com"]
[Date "2020.04.07"]
[Round "2"]
[White "The_Machine04"]
[Black "warmoatmeal"]
[Result "1/2-1/2"]
[WhiteElo "2381"]
[BlackElo "1895"]
[TimeControl "180+1"]
[EndTime "13:20:46 PDT"]
[Termination "Game drawn by repetition"]

1. d4 Nf6 2. Bg5 d5 3. Bxf6 exf6 4. g3 c6 5. Bg2 f5 6. e3 Be6 7. Ne2 Bd6 8. Nd2 Nd7 9. b3 Nf6 10. c4 O-O 11. O-O g6 12. Nf4 Rc8 13. a4 a5 14.
c5 Bb8 15. Nf3 Kg7 16. Nd3 Ne4 17. Nfe5 f6 18. Nf3 Qe7 19. Nf4 g5 20. Nxe6+ Qxe6 21. Nd2 Rce8 22. Qc2 h5 23. Rae1 Qf7 24. Nb1 g4 25. h4 Qg6 26. Bxe4 fxe4 27. Nc3 f5 28. Ne2 Qe6 29. Qd2 Bc7 30. Ra1 Qd7 31. Rfb1 Ra8 32. b4 axb4 33. Qxb4 Rfb8 34. Ra3 Ba5 35. Qb2 Bc7 36. Nc3 Ba5 37. Ne2 Bc7 38. Qa2 Ra5 39. Rab3 Ra7 40. Qb2 Ba5 41. Nf4 Kh6 42. Kg2 Qe7 43. Ne2 Qd7 44. Qc2 Bd8 45. Nc3 Ba5 46. Na2 Bd8 47. R3b2 Ba5 48. Nc1 Kg6 49. Nb3 Bd8 50.
Nd2 Rba8 51. Qb3 Rb8 52. Qc2 Ba5 53. Rb3 Bxd2 54. Qxd2 Rxa4 55. Qb2 Ra7 56. Rb6 Kf6 57. Ra1 Rxa1 58. Qxa1 Qc7 59. Qa7 Qc8 60. Rb4 Ke6 61. Rb6 Kd7 62. Rb4 Qc7 63. Rb6 Kc8 64. Qa4 Qd7 65. Qa3 Qc7 66. Qa2 Qd7 67. Rb4 Kc7 68. Qa5+ Kc8 69. Ra4 Qc7 70. Qb4 Qd7 71. Ra7 Qc7 72. Qa4 Qd7 73. Ra8 Qc7 74. Ra7 Qd7 75. Qa1 Qc7 76. Qa4 1/2-1/2

[Event "*** Titled Tuesday Blitz"]
[Site "Chess.com"]
[Date "2020.04.07"]
[Round "2"]
[White "MaxVavulin"]
[Black "BillieKimbah"]
[Result "0-1"]
[WhiteElo "2548"]
[BlackElo "2867"]
[TimeControl "180+1"]
[EndTime "13:20:49 PDT"]
[Termination "BillieKimbah won on time"]

1. e4 e5 2. Nf3 Nc6 3. Bb5 a6 4. Ba4 Nf6 5. O-O Bc5 6. Re1 b5 7.
Bb3 d6 8. c3 O-O 9. d4 Bb6 10.
a4 Bb7 11. Bg5 h6 12. Bh4 exd4 13. cxd4 g5 14. Bg3 Re8 15. Nc3 Na5 16. axb5 Nxb3 17. Qxb3 axb5 18. Rxa8 Bxa8 19. d5 Nh5 20. Qxb5 Rf8 21.
Ra1 Qf6 22. e5 dxe5 23. Bxe5 Qf5 24. Bd4 Nf4 25. Bxb6 cxb6 26. Ne1 Qg4 27. f3 Qf5 28. g3 Nxd5 29. Rd1 Ne3 30. Qxf5 Nxf5 31. Kf2 Re8 32.
Nc2 Kg7 33. Rd7 h5 34. Na3 g4 35. fxg4 hxg4 36. Nc4 Rh8 37. Kg1 Re8 38. Kf2 Re6 39. Ra7 Bf3 40. Nd2 Bc6 41. Nc4 Nd4 42. Nxb6 Rh6 43.
Ke3 Nc2+ 44. Kf4 Rxh2 45. Kxg4 Rf2 46. Nc4 Nd4 47. Ne5 Be8 48. Re7 Kf8 49. Rc7 f5+ 50. Kh4 Rh2+ 51. Kg5 Ne6+ 52. Kxf5 Nxc7 53. b4 Rf2+ 54. Ke4 Nb5 55. Nd5 Re2+ 56. Kf4 Nd6 57. Ng4 Re4+ 58. Kg5 Rd4 59. Ndf6 Rxb4 60. Nh7+ Kg7 61.
Nhf6 Ne4+ 0-1

[Event "*** Titled Tuesday Blitz"]
[Site "Chess.com"]
[Date "2020.04.07"]
[Round "2"]
[White "ChristopherYoo"]
[Black "northridgehawk"]
[Result "1-0"]
[WhiteElo "2662"]
[BlackElo "2296"]
[TimeControl "180+1"]
[EndTime "13:20:49 PDT"]
[Termination "ChristopherYoo won by resignation"]

1. e4 e5 2. Nf3 Nc6 3. Bb5 a6 4. Ba4 Nf6 5. d4 b5 6. Bb3 exd4 7. e5 Ne4 8. Bd5 Nc5 9. Ng5 Ne6 10. Qh5 g6 11.
Qf3 Nxg5 12. Bxg5 Qxg5 13. Bxc6 Qxe5+ 14. Kd1 dxc6 15. Re1 Qxe1+ 16. Kxe1 Bd7 17. Qe4+ Be7 18.
Nd2 O-O 19. Qxd4 Rad8 20. Ne4 Be6 21. Nf6+ Kh8 22. Qh4 h5 23. Qg5 Bxf6 24. Qxf6+ Kg8 25. Kf1 Rd2 26. Qc3 Rfd8 27. h4 R8d4 28. Kg1 Bf5 29.
Re1 Rd8 30. Qxc6 Rxc2 31. Qf6 Rcd2 32. Re7 Be6 33. Rxe6 fxe6 34. Qxg6+ Kf8 35. Qf6+ Kg8 36. Qxe6+ Kg7 37. Qe7+ Kg6 38. Qg5+ Kf7 39. Qxh5+ Ke6 40. Qg6+ Ke5 41. Qg7+ Ke4 42. Qxc7 R8d4 43. Qc6+ Kd3 44. Qc3+ Ke2 45. Qe3+ Kd1 46. h5 Rh4 47. h6 Kc2 48. g3 Rd1+ 49. Kg2 Rhh1 50. h7 Rhg1+ 51. Kf3 Rh1 52. Qe4+ Kxb2 53. h8=Q+ Rxh8 54. Qe5+ Kxa2 55. Qxh8 Rb1 56. Qa8 Rb3+ 57. Ke4 Ra3 58. Qd5+ Kb2 59. Qd2+ Kb3 60. g4 Ra4+ 61. Kf5 Rc4 62. g5 a5 63. g6 a4 64. g7 Rc8 65. Qd5+ Kb4 66. g8=Q Rxg8 67. Qxg8 a3 68. Ke4 Kc3 69. Qg3+ Kb2 70.
Qe5+ Ka2 71. Qxb5 Ka1 72. f4 a2 73. Qa4 Kb2 74. f5 Kc3 75. Qxa2 1-0

[Event "*** Titled Tuesday Blitz"]
[Site "Chess.com"]
[Date "2020.04.07"]
[Round "2"]
[White "manubibi"]
[Black "Chopper1905"]
[Result "0-1"]
[WhiteElo "2559"]
[BlackElo "2853"]
[TimeControl "180+1"]
[EndTime "13:20:50 PDT"]
[Termination "Chopper1905 won by checkmate"]

1. e4 c5 2. Nf3 d6 3. d4 cxd4 4. Nxd4 Nf6 5. Nc3 a6 6. Bg5 Nbd7 7. f4 Qc7 8. Qe2 e5 9. Nf5 h6 10. Bxf6 Nxf6 11. fxe5 dxe5 12. O-O-O Be6 13. Ne3 Rc8 14. Ned5 Nxd5 15. Nxd5 Qa5 16. Kb1 Be7 17. Qd2 Qxd2 18. Rxd2 Bg5 19. Rd1 O-O 20. Be2 f5 21. Bf3 Rc4 22. b3 Rc5 23. Rhe1 fxe4 24. Bxe4 Bg4 25.
Rd3 Rf2 26. Rg3 Be2 27. c4 Bd2 28. Rxe2 Rxe2 29. Bf3 Re1+ 30. Kc2 Bg5 31. Rg4 b5 32. h4 Bd8 33. Kd2 Ra1 34. Kd3 Rxa2 35. cxb5 axb5 36. Nc3 Ra7 37. Bd5+ Kf8 38. b4 Rc8 39. Nxb5 Rd7 40. Ke4 Rb8 41. Bc6 Rd2 42. Kxe5 Bf6+ 43. Ke6 Re2+ 44.
Kd7 Re7+ 45. Kd6 Rd8+ 46. Kc5 Re5+ 47. Kb6 Rb8+ 48. Ka6 Rc8 49. Rc4 Re6 50. Kb7 Rd8 51.
Nc7 Re7 52. b5 Be5 53. b6 Rd2 54. Bf3 Rb2 55. Ka6 Ra2+ 56. Kb7 Rb2 57. Ka6 Ra2+ 58. Kb7 Ra1 59. Kc6 Rb1 60. Nd5 Re6+ 61. Kd7 Rd6+ 62. Kc8 Ke8 63. Nc7+ Ke7 64. Nd5+ Ke6 65. Nc7+ Kf7 66.
b7 Ke7 67. b8=Q Rd8# 0-1

[Event "*** Titled Tuesday Blitz"]
[Site "Chess.com"]
[Date "2020.04.07"]
[Round "2"]
[White "maxip32"]
[Black "indfraeng"]
[Result "1-0"]
[WhiteElo "2488"]
[BlackElo "2253"]
[TimeControl "180+1"]
[EndTime "13:20:53 PDT"]
[Termination "maxip32 won by checkmate"]

1. e4 e5 2. Nf3 Nc6 3. Bc4 Bc5 4. O-O Nf6 5. d3 h6 6. a4 d6 7. c3 a5 8. Na3 O-O 9. Nc2 Be6 10. Bxe6 fxe6 11.
Be3 Bxe3 12. Nxe3 d5 13. Qc2 Qe8 14. Rfe1 Qg6 15. Nf1 Rae8 16. Ng3 Nd7 17. exd5 exd5 18. Qb3 Qd6 19. Re3 Nc5 20. Qc2 d4 21. cxd4 Nxd4 22. Nxd4 exd4 23. Rxe8 Rxe8 24. Qc4+ Kh7 25. h4 Qe5 26.
Rc1 b6 27. h5 Rf8 28. Qc2 Qf4 29. Re1 Kh8 30. Re2 Qd6 31. Ne4 Nxe4 32. Rxe4 c5 33. Qe2 Qd5 34. Re5 Qf7 35. Re7 Qf6 36. Re6 Qd8 37.
Qe4 Qb8 38. g3 Qc7 39. Re7 Qd6 40. Re6 Qc7 41. Qg6 Qf7 42. Qxf7 Rxf7 43. Rxb6 Rc7 44. b3 Re7 45. Rb5 Re1+ 46. Kg2 Rd1 47. Rxa5 Rxd3 48.
Rxc5 Rxb3 49. Rd5 Ra3 50. Rxd4 Kg8 51. Rf4 Kh7 52. Kh3 g6 53. hxg6+ Kxg6 54. Kg4 h5+ 55. Kh4 Ra1 56. Kh3 Rh1+ 57. Kg2 Ra1 58. Kf3 Kg5 59. Ke2 Ra2+ 60. Ke3 Ra3+ 61. Kd2 Ra2+ 62. Kc3 h4 63. Rxh4 Rxf2 64. Kb4 Rf3 65. Re4 Rxg3 66. a5 Rg1 67.
Kb5 Ra1 68. a6 Kf5 69. Ra4 Rb1+ 70. Kc6 Ke6 71. a7 Rc1+ 72. Kb6 Rc8 73. Kb7 Kd7 74. Rd4+ Ke8 75. Kxc8 Ke7 76. a8=Q Kf7 77. Qf3+ Kg6 78. Rd6+ Kg5 79. Rd5+ Kg6 80. Qf5+ Kg7 81. Rd7+ Kh6 82.
Rh7# 1-0

[Event "*** Titled Tuesday Blitz"]
[Site "Chess.com"]
[Date "2020.04.07"]
[Round "2"]
[White "Artem_Sadovsky"]
[Black "Eltaj_Safarli"]
[Result "1-0"]
[WhiteElo "2638"]
[BlackElo "3049"]
[TimeControl "180+1"]
[EndTime "13:20:54 PDT"]
[Termination "Artem_Sadovsky won on time"]

1. Nf3 Nf6 2. g3 g6 3. Bg2 Bg7 4. O-O O-O 5. c4 c6 6. b3 d5 7. Bb2 Bg4 8. d3 Nbd7 9. Nbd2 e6 10. Qc1 Re8 11. h3 Bxf3 12. Bxf3 a6 13. Bg2 Rc8 14.
d4 h5 15. e4 dxe4 16. Nxe4 Nxe4 17. Bxe4 Qb6 18. Rd1 Rcd8 19. Qe3 Nf6 20. Bg2 Rd7 21. Rd3 Red8 22. Rad1 Qa5 23. a3 Kh7 24. b4 Qc7 25. Bf3 Bh6 26. Qe2 Bg7 27. Kg2 h4 28. d5 cxd5 29.
cxd5 exd5 30. Be5 Qc4 31. Rd4 Qxe2 32. Rxh4+ Nh5 33. Bxe2 Bxe5 34. Bxh5 Bf6 35. Bg4+ Bxh4 36. Bxd7 Rxd7 37. gxh4 d4 38. Kf3 Kh6 39. Ke4 Kh5 40.
Rxd4 Rxd4+ 41. Kxd4 Kxh4 42. Kc5 Kxh3 43. Kb6 g5 44.
Kxb7 g4 45. Kxa6 f5 46. b5 f4 47. b6 g3 48. fxg3 f3 49. b7 f2 50. b8=Q f1=Q+ 51. Qb5 Qf6+ 52. Qb6 Qf1+ 53. Ka5 Qe1+ 54. Qb4 Qe5+ 55.
Kb6 Qe6+ 56. Kc7 Qf7+ 57. Kd6 Qf6+ 58. Kd7 Qf7+ 59. Qe7 Qd5+ 60. Qd6 Qf7+ 61. Kd8 Qg8+ 62. Kd7 Qf7+ 63. Kc8 Qg8+ 64. Kb7 Qb3+ 65. Qb4 Qf7+ 66. Kc6 Qe6+ 67. Qd6 Qc4+ 68. Kb6 Qb3+ 69. Ka5 Qc3+ 70. Ka4 Qc4+ 71. Ka5 Qc3+ 72. Kb5 Qb3+ 73. Kc6 Qc4+ 74.
Kb7 Qf7+ 75. Kc8 Qc4+ 76. Kd8 Qg8+ 77. Kc7 Qc4+ 78. Qc6 Qd4 79. Qd7+ 1-0

[Event "*** Titled Tuesday Blitz"]
[Site "Chess.com"]
[Date "2020.04.07"]
[Round "2"]
[White "wnstop"]
[Black "Jospem"]
[Result "0-1"]
[WhiteElo "2591"]
[BlackElo "2912"]
[TimeControl "180+1"]
[EndTime "13:20:54 PDT"]
[Termination "Jospem won by resignation"]

1. e4 e5 2. Nf3 Nc6 3. Bc4 Bc5 4. d3 Nf6 5. O-O a6 6. c3 Ba7 7. a4 d6 8. Re1 h6 9. Nbd2 O-O 10. h3 Ne7 11. d4 Ng6 12. Bd3 c5 13. dxe5 dxe5 14. Nf1 Be6 15. Qe2 Nh5 16. Bc2 Nhf4 17. Qd1 c4 18.
Be3 Qc7 19. Bxa7 Rxa7 20. Ne3 Rd8 21. Qc1 Raa8 22. Nf5 Nd3 23. Bxd3 Rxd3 24. Re3 Rd7 25. g3 Rad8 26. Qe1 Ne7 27. Nxe7+ Rxe7 28. Rd1 Bxh3 29. Rxd8+ Qxd8 30. Re2 Rd7 31. Rd2 f6 32. Rxd7 Qxd7 33. a5 Bg4 34. Nd2 Qb5 35. Qe3 Be6 36. Qb6 Qxb6 37.
axb6 Kf7 38. f4 Ke7 39. fxe5 fxe5 40. Nf3 Kd6 41. Kf2 g5 42. Ke3 Bg4 43. Nd2 Kc5 44. Kf2 h5 45. Kg2 a5 46. Kf2 Kb5 47. Kg2 Be2 48. Kf2 Bd1 49. Ke3 h4 50. gxh4 gxh4 51.
Kf2 Bg4 52. Kg2 Kc5 53. Kf2 Be6 54. Nf3 h3 55. Nxe5 Kxb6 56. Kg3 Kc5 57. Nf3 b5 58.
Nd4 Bd7 59. Nc2 Kd6 60. Nd4 Ke5 61. Nf3+ Kxe4 62. Ng5+ Kd3 63. Nf7 Kc2 64. Ne5 Be8 0-1

[Event "*** Titled Tuesday Blitz"]
[Site "Chess.com"]
[Date "2020.04.07"]
[Round "2"]
[White "boasovietica"]
[Black "Dare-Dare"]
[Result "1-0"]
[WhiteElo "2427"]
[BlackElo "2137"]
[TimeControl "180+1"]
[EndTime "13:20:56 PDT"]
[Termination "boasovietica won by resignation"]

1. e4 e6 2. b3 d5 3. Bb2 Nf6 4. e5 Nfd7 5. Qg4 c5 6. Nf3 Nc6 7. a3 Qc7 8. Qg3 f6 9. exf6 Qxg3 10. f7+ Kxf7 11. hxg3 Nf6 12. Bd3 Bd6 13. Ng5+ Kg8 14. Nc3 h6 15. Nh3 e5 16. Bb5 Bf5 17. Bxc6 bxc6 18.
O-O-O Kf7 19. d3 Rhe8 20. f3 Bg6 21. g4 Kg8 22. g5 hxg5 23. Nxg5 Nh5 24. Ne2 Nf4 25.
Rde1 Nxg2 26. Reg1 Nf4 27. Nxf4 exf4 28. Nh3 Re6 29. Rg4 d4 30. Rhg1 Bf5 31. Rxg7+ Kh8 32. Nf2 Rh6 33. R7g5 Rf8 34. Kb1 Rh7 35. Bc1 Be7 36.
R5g2 Bd6 37. Ng4 Bxg4 38. Rxg4 Be5 39. Bd2 Rhf7 40. Kb2 Rh7 41. b4 cxb4 42. axb4 Rb8 43. Kb3 a5 44. Kc4 axb4 45. Bxb4 Rc8 46. Bc5 Rf7 47. Rh4+ Rh7 48. Rhg4 Rd7 49. Rh1+ Rh7 50. Rxh7+ Kxh7 51. Bxd4 Bd6 52. Bc5 Be5 53. Be7 Rc7 54.
Bg5 Rf7 55. d4 Bd6 56. Kd3 Rf5 57. Ke4 Ra5 58. Bxf4 Bxf4 59. Rxf4 Kg6 60. Rg4+ Kf6 61. c3 Ra3 62. Kd3 Ra1 63. Rh4 Rd1+ 64. Kc4 Rf1 65. Rh6+ Ke7 66. Rxc6 Rxf3 67. Rc5 Rf4 68. Re5+ Kd6 69.
Rd5+ Kc6 70. Rc5+ Kd6 71. Rb5 Kc6 72. Ra5 Kb6 73. Rh5 Kc6 74. Rh6+ Kd7 75. Kc5 Kc7 76.
c4 Rf5+ 77. d5 Rf7 78. d6+ Kd7 79. Rh5 Rg7 80. Kd5 Rg1 81. Rh7+ Kd8 82. Kc6 Rg8 83. Ra7 1-0

[Event "*** Titled Tuesday Blitz"]
[Site "Chess.com"]
[Date "2020.04.07"]
[Round "2"]
[White "AryanTari"]
[Black "Rud_Makarian"]
[Result "0-1"]
[WhiteElo "2880"]
[BlackElo "2598"]
[TimeControl "180+1"]
[EndTime "13:21:00 PDT"]
[Termination "Rud_Makarian won by resignation"]

1. e4 e5 2. Nf3 Nc6 3. Bb5 Nf6 4. d3 Bc5 5. Bxc6 dxc6 6. Nbd2 Be6 7. Nb3 Bb6 8. Ng5 Bg4 9. Qd2 Nd7 10. h3 Bh5 11.
g4 Bg6 12. Nf3 Qe7 13. Qe2 O-O-O 14. Be3 f6 15. O-O-O Bf7 16. Kb1 Kb8 17. h4 h6 18.
h5 Rhe8 19. Nh4 Be6 20. Nf5 Qf7 21. c4 Bxe3 22. fxe3 c5 23. Qc2 b6 24. Nd2 Kb7 25. Nf3 Nb8 26. a3 Nc6 27. Qc3 a5 28. Ka1 Rd7 29.
Rd2 Red8 30. Rhd1 Qe8 31. Qc2 Qf7 32. Qa4 Qe8 33. Kb1 Bxf5 34. gxf5 Qxh5 35. Ne1 Qg5 36. Nc2 Qg4 37. Na1 h5 38. Nb3 Rd6 39. Qb5 Ka7 40. Nc1 Qg3 41. Ka1 Qxe3 42. Ne2 Nd4 43.
Nxd4 Qxd4 44. Rg2 R8d7 45. Rg3 Kb7 46. Rdg1 Qf2 47. Rxg7 Rxg7 48. Rxg7 Qf1+ 49. Ka2 Qxd3 50.
Qb3 Qxe4 51. Qc3 Qxf5 52. Qe3 Qd3 53. Qe1 Qxc4+ 54. Ka1 Qb3 55. Qh1+ Ka6 56. Rg1 Ka7 57. Rc1 c4 58. Rb1 c3 59. Qc1 cxb2+ 60. Rxb2 Qxa3+ 61. Kb1 Qc5 62. Rc2 Qb5+ 63. Rb2 Qc5 64. Rc2 Qb5+ 65.
Rb2 Qd3+ 66. Ka1 c5 67. Rc2 Qd1 68. Kb2 Qxc1+ 69. Rxc1 Kb7 70. Rg1 Kc6 71. Rg8 b5 72.
Rc8+ Kd5 73. Rh8 Kc4 74. Rxh5 b4 75. Rh4+ Kb5 76. Rh8 a4 77. Rb8+ Kc4 78. Rh8 a3+ 79. Ka2 Rd2+ 80. Ka1 Kb3 81. Rh3+ Ka4 82. Rh8 b3 83. Ra8+ Kb4 84. Rb8+ Kc3 0-1